 Dungeon Crawl Stone Soup version 0.27-a0-334-g52645efa06 (webtiles) character file.

Game seed: 638738096890568420

6 dickylongcocking the Scratcher (level 1, -2/9 HPs)
             Began as a Felid Transmuter on Feb 14, 2021.
             Slain by a goblin
             ... wielding a +0 dagger
              (3 damage)
             ... on level 1 of the Dungeon.
             The game lasted 00:00:06 (72 turns).

dickylongcocking the Scratcher (Felid Transmuter)     Turns: 72, Time: 00:00:07

Health: -2/9       AC:  1    Str:  6    XL:     1   Next: 75%
Magic:  3/4        EV: 18    Int: 14    God:
Gold:   11         SH:  0    Dex: 16    Spells: 3/4 levels left
                                        Lives:  0   Deaths: 0

rFire    . . .     SeeInvis +     - Unarmed
rCold    . . .     Faith    .   (shield unavailable)
rNeg     . . .     Spirit   .   (armour unavailable)
rPois    .         Reflect  .   (helmet unavailable)
rElec    .         Harm     .   (cloak unavailable)
rCorr    .         Rampage  .   (gloves unavailable)
Will     .....                  (boots unavailable)
Stlth    ++........             (no amulet)
HPRegen  0.03/turn              (no ring)
MPRegen  0.09/turn              (no ring)

@: appendages (expiring), quick
A: very small, no armour, no weapons or thrown items, stealth, claws 1, fangs 3,
horns 2, see invisible, speed 1, shaggy fur 1, sharp paws
a: End Transformation


You were on level 1 of the Dungeon.
You had grown temporary horns.
You visited 1 branch of the dungeon, and saw 1 of its levels.

You collected 11 gold pieces.

You aren't carrying anything.


   Skills:
 + Level 1.0 Fighting
 + Level 2.8 Dodging
 + Level 3.2 Unarmed Combat
 + Level 2.0 Spellcasting
 + Level 2.2 Transmutations


You had 3 spell levels left.
You knew the following spells:

 Your Spells              Type           Power        Failure   Level
a - Beastly Appendage     Tmut           14%          10%         1

Your spell library contained the following spells:

 Spells                   Type           Power        Failure   Level
 Wereblood                Tmut           7%           14%         2
 Spider Form              Tmut/Pois      2%           41%         3
 Ice Form                 Ice/Tmut       4%           83%         4
 Blade Hands              Tmut           3%           95%         5


Dungeon Overview and Level Annotations

Branches:
Dungeon (1/15)

Altars:


Innate Abilities, Weirdness & Mutations

You cannot wear armour.
You are incapable of wielding weapons or throwing items.
Your paws allow you to move quietly. (Stealth)
You have sharp claws.
You have razor-sharp teeth.
You have supernaturally acute eyesight. (SInv)
You cover ground quickly.
You are covered in fur. (AC +1)
Your sharp claws are effective at attacking unaware monsters.
You have a pair of horns on your head.


Message History

There are monsters nearby! 2 goblins come into view.
The goblin shouts! x2
There are monsters nearby!
Casting: Beastly Appendage (safe; 10% risk of failure)
Confirm with . or Enter, or press ? or * to list all spells.
You grow a pair of large bovine horns.
The goblin shouts!
The dart slug launches a dart at you. The slug dart misses you.
You scratch the dart slug.
You claw the dart slug, but do no damage.
You bite the dart slug.
The dart slug is heavily wounded.
You scratch the dart slug. You headbutt the dart slug. You bite the dart slug.
The dart slug is severely wounded.
The dart slug launches a dart at you. The slug dart misses you.
You barely miss the dart slug.
The dart slug is severely wounded.
The kobold hits you with a +0 dagger. The dart slug barely misses you.
You scratch the dart slug.
The dart slug is almost dead.
Your transformation is almost over.
The kobold hits you with a +0 dagger. The goblin completely misses you.
You scratch the dart slug.
You kill the dart slug!
The kobold misses you. The goblin hits you.
You scratch the goblin.
You kill the goblin!
The goblin completely misses you. The kobold hits you with a +0 dagger.
* * * LOW HITPOINT WARNING * * *
The goblin misses you.
You are too injured to fight recklessly!
You are too injured to fight recklessly!
Unknown command.
You scratch the goblin.
The goblin is moderately wounded.
The goblin hits you with a +0 dagger.
You die...

##. .⌠... .##..# #..
.....#..... . .## ##.#
#....#...#..##..#..#.#.
#....#...##..#.#.##.##
###.....#..#...#..#.#.#
.#.8......##......##.##.
.'....gg......#...#.## #
.'....$@##..#..#)..#.###
.#.8..K..#...#.†.#..#...
###...#...#....†..#.###
#..##....##...##...#
#..#...#....#....##.#
...............##...##
#####################


You could see 2 goblins and a kobold.

Vanquished Creatures
  A dart slug (D:1)
  A giant cockroach (D:1)
  2 goblins (D:1)
4 creatures vanquished.

Notes
Turn   | Place    | Note
-------+----------+-------------------------------------------
     0 | D:1      | dickylongcocking the Felid Transmuter began the quest for
                  | the Orb.
     0 | D:1      | Reached XP level 1. HP: 9/9 MP: 4/4
    72 | D:1      | Slain by a goblin

Illustrated notes

Levels and vault maps discovered:
D:1:      erik_arrival_cave_to_civilisation [erik_arrival_cave_to_temple],
          layout_rooms, chequers_arboretum, roderic_serpentine_path,
          chequers_decorated_corner

Action                   || total
-------------------------++-------
Melee: Unarmed           ||    10
       Bite              ||     3
       Headbutt          ||     1
       Punch             ||     1
 Cast: Beastly Appendage ||     3
Dodge: Dodged            ||     9

Table legend: (Time is in decaauts)
 A = Elapsed time spent in this place.
 B = Non-inter-level travel time spent in this place.
 C = Inter-level travel time spent in this place.
 D = Time resting spent in this place.
 E = Time spent auto-exploring this place.
 F = Levels seen in this place.
 G = Mean time per level.
                   A        B        C        D        E       F      G
               +--------+--------+--------+--------+--------+-----+--------+
         Total |     63 |     63 |      0 |      0 |     44 |   1 |   63.0 |
       Dungeon |     63 |     63 |      0 |      0 |     44 |   1 |   63.0 |
               +--------+--------+--------+--------+--------+-----+--------+

Top non-repeatable levels by time:
     D:1: 63 daAuts
